 Dungeon Crawl Stone Soup version 0.30-a0-365-ge7f957f1db (webtiles) character file.

Game seed: 5755958957141179727

523 qeuew the Conjurer (level 7, 0/40 HPs)
             Began as a Tengu Conjurer on Nov 17, 2022.
             Was an Initiate of Ashenzari.
             Slain by an ice beast (2 damage)
             ... on level 5 of the Dungeon.
             The game lasted 00:06:12 (4507 turns).

qeuew the Conjurer (Tengu Conjurer)                 Turns: 4507, Time: 00:06:13

Health: 0/40       AC:  7    Str:  9      XL:     7   Next: 22%
Magic:  0/13       EV: 14    Int: 17 (18) God:    Ashenzari [......]
Gold:   99         SH:  0    Dex: 17 (19) Spells: 5/12 levels left

rFire   . . .      SeeInvis .    (no weapon)
rCold   . . .      Faith    .    (no shield)
rNeg    . . .      Spirit   .    i - +0 ring mail
rPois   .          Reflect  .    (helmet restricted)
rElec   .          Harm     .    (no cloak)
rCorr   .          Rampage  .    b - +0 pair of gloves
Will    .....                    (boots unavailable)
Stlth   +.........               (no amulet)
HPRegen 0.26/turn                e - +6 ring of dexterity
MPRegen 0.13/turn                (no ring)

@: flying quickly and evasively, quick
A: beak, talons 3, nimble flight, deterioration 1
a: Renounce Religion


You were on level 5 of the Dungeon.
You worshipped Ashenzari.
Ashenzari was noncommittal.
You visited 1 branch of the dungeon, and saw 5 of its levels.

You collected 268 gold pieces.
You spent 169 gold pieces at shops.

Inventory:

Missiles
 g - a throwing net
Armour
 b - a +0 pair of gloves (worn)
 i - a +0 ring mail (worn)
Jewellery
 a - a +4 ring of protection
 e - a +6 ring of dexterity (left hand)
Scrolls
 c - 3 scrolls of teleportation
 f - 3 scrolls of identify
 k - a scroll of amnesia
Potions
 d - 2 potions of haste
 j - 3 potions of curing
 m - a potion of brilliance


   Skills:
 + Level 2.6 Fighting
 * Level 4.4 Armour
 + Level 3.8 Dodging
 - Level 2.0 Stealth
 + Level 3.3 Spellcasting
 + Level 6.7 Conjurations


You had 5 spell levels left.
You knew the following spells:

 Your Spells              Type           Power      Damage    Failure   Level
a - Magic Dart            Conj           100%       1d8       2%          1
b - Searing Ray           Conj           50%        2d6       4%          2
c - Iskenderun's Mystic   Conj/Tloc      14%        2d5       71%         4

Your spell library contained the following spells:

 Spells                   Type           Power      Damage    Failure   Level
 Momentum Strike          Conj/Tloc      28%        3d8       16%         2
 Dazzling Flash           Conj/Hex       28%        N/A       32%         3
 Blink                    Tloc           4%         N/A       54%         2
 Cigotuvi's Dreadful Rot  Necr/Pois/Air  4%         N/A       54%         2
 Fulminant Prism          Conj/Hex       7%         3d7       71%         4
 Gell's Gravitas          Tloc           2%         N/A       77%         3
 Lesser Beckoning         Tloc           4%         N/A       77%         3
 Teleport Other           Tloc           2%         N/A       77%         3
 Dispel Undead            Necr           2%         3d7       99%         4
 Death Channel            Necr           1%         N/A       100%        6


Dungeon Overview and Level Annotations

Branches:
Dungeon (5/15)
 Temple: D:4-7

Altars:
Ashenzari
Vehumet
The Shining One

Shops:
D:1 :   D:4 [[!

Annotations:
D:3 1 runed translucent door, sirJeffrey23's ghost, amateur FoFi


Innate Abilities, Weirdness & Mutations

You have a beak for a mouth.
You have claws for feet.
Your magical nature lets you fly swiftly and evasively.
Your body sometimes deteriorates upon taking damage.


Message History

The ice beast completely misses you.
You closely miss the ice beast. Your kick misses the ice beast.
The ice beast is severely wounded.
The ice beast hits you. The ice beast freezes you.
You hit the ice beast but do no damage. You claw the ice beast.
You peck the ice beast.
The ice beast is severely wounded.
The ice beast completely misses you.
You barely miss the ice beast. Your kick misses the ice beast.
Your peck misses the ice beast.
The ice beast is severely wounded.
The ice beast hits you. The ice beast freezes you!
Your body deteriorates!
You feel clumsy.
You barely miss the ice beast.
You peck the ice beast, but do no damage.
The ice beast is severely wounded.
The ice beast hits you. The ice beast freezes you!
* * * LOW HITPOINT WARNING * * *
Casting: Searing Ray (safe; 4% risk of failure)
Confirm with . or Enter, or press ? or * to list all spells.
Aiming: Searing Ray (safe; 4% risk of failure)
Press: ? - help, Shift-Dir - straight line, f - ice beast
Aim: an ice beast (severely wounded, 79% to hit)
The searing ray hits the ice beast.
The ice beast is almost dead.
The searing ray hits the orc!
You kill the orc! (Press . to maintain the ray.)
The ice beast barely misses you.
You hit the ice beast but do no damage. Your kick misses the ice beast.
The ice beast is almost dead.
The ice beast hits you.
* * * LOW HITPOINT WARNING * * *
The ice beast freezes you!
* * * LOW HITPOINT WARNING * * *
Unknown command.
You hit the ice beast but do no damage.
The ice beast is almost dead.
The ice beast hits you.
You die...

#.. ### .._
..# # .. .#.#
#. ##.###...##
#..#..)#......
#.....)...###.
#....))....?..
######Y#######
#@# #.# #.#
... ... .....
....# ......


You could see an ice beast.

Vanquished Creatures
  Eustachio (D:4)
  An ogre (D:4)
  A scorpion (D:4)
  2 howler monkeys (D:4)
  An iguana (D:4)
  Jessica (D:2)
  3 adders
  A shadow imp (D:5)
  3 worms
  2 dart slugs (D:1)
  8 orcs
  6 ball pythons
  3 endoplasms
  5 giant cockroaches
  7 hobgoblins
  3 quokkas (D:1)
  4 bats (D:2)
  8 frilled lizards
  6 goblins
  6 kobolds
  7 rats
79 creatures vanquished.

Vanquished Creatures (others)
  2 plants (D:4)
2 creatures vanquished.

Grand Total: 81 creatures vanquished

Notes
Turn   | Place    | Note
-------+----------+-------------------------------------------
     0 | D:1      | qeuew the Tengu Conjurer began the quest for the Orb.
     0 | D:1      | Reached XP level 1. HP: 10/10 MP: 4/4
   272 | D:1      | Reached skill level 1 in Armour
   272 | D:1      | Reached XP level 2. HP: 15/15 MP: 1/6
   706 | D:1      | Reached XP level 3. HP: 20/20 MP: 5/7
   994 | D:1      | Found Niuhoovu's Book Emporium.
  1265 | D:1      | Gained mutation: Your body sometimes deteriorates upon
                  | taking damage. [potion of mutation]
  1322 | D:2      | Learned a level 2 spell: Searing Ray
  1814 | D:2      | Found a faded altar of an unknown god.
  2086 | D:2      | Noticed Jessica
  2090 | D:2      | Killed Jessica
  2091 | D:2      | Reached skill level 1 in Fighting
  2091 | D:2      | Reached XP level 4. HP: 25/25 MP: 3/8
  2778 | D:3      | Found a runed translucent door.
  2779 | D:3      | Noticed sirJeffrey23's ghost (amateur FoFi)
  3090 | D:4      | Noticed an ogre
  3101 | D:4      | Killed an ogre
  3102 | D:4      | Reached skill level 6 in Conjurations
  3102 | D:4      | Gained mutation: Your magical nature lets you fly swiftly
                  | and evasively. [Tengu growth]
  3102 | D:4      | Reached XP level 5. HP: 23/30 MP: 0/10
  3341 | D:4      | Reached XP level 6. HP: 29/35 MP: 4/11
  3461 | D:4      | Found Dysite's Armour Shoppe.
  3475 | D:4      | Found Enlie's Distillery.
  3499 | D:4      | Bought a potion of heal wounds for 65 gold pieces
  3499 | D:4      | Bought a potion of heal wounds for 65 gold pieces
  3499 | D:4      | Bought a potion of curing for 39 gold pieces
  3509 | D:4      | Found a broken altar of Ashenzari.
  3514 | D:4      | Became a worshipper of Ashenzari the Shackled
  3756 | D:4      | Noticed Eustachio
  3778 | D:4      | HP: 1/35 [quokka[Eustachio] (3)]
  3791 | D:4      | Killed Eustachio
  3907 | D:4      | Reached XP level 7. HP: 20/40 MP: 1/12
  4080 | D:4      | Found a glowing golden altar of the Shining One.
  4172 | D:4      | Learned a level 4 spell: Iskenderun's Mystic Blast
  4260 | D:4      | Found Huduagoll's Armour Shoppe.
  4394 | D:5      | Entered Level 5 of the Dungeon
  4394 | D:5      | Found a radiant altar of Vehumet.
  4506 | D:5      | HP: 1/40 [ice beast (9)]
  4507 | D:5      | Slain by an ice beast

Illustrated notes

Levels and vault maps discovered:
D:1:      minmay_arrival_widening_spiral_wide, layout_basic, serial_shops,
          nicolae_shop_temple_entry_statues_fountains
D:2:      layout_basic, ebering_ecumenical_altar_hall, uniq_jessica
D:3:      layout_rooms, ebering_ghost_reflecting_pool, item_on_display_a
D:4:      layout_loops_cross, tso_oasis_becter, nicolae_ashenzari_panopticon,
          serial_shops, shop, shop, shop_coins, chequers_arboretum,
          uniq_eustachio
D:5:      layout_rooms, vehumet_crystals, jmf_multi_god_temple,
          minmay_temple_entry_crystal_x, gammafunk_ghost_abyssal_escape

Skill      XL: |  1  2  3  4  5  6 |
---------------+-------------------+-----
Armour         | 1 2 3 4 |  4.4
Fighting       | 1 2 |  2.6
Dodging        | 3 |  3.8
Conjurations   | 6 |  6.7
Spellcasting   | 3 |  3.3
Stealth        | |  2.0

Action                   |  1- 3 |  4- 6 |  7- 9 || total
-------------------------+-------+-------+-------++-------
Melee: Unarmed           |    19 |    25 |    26 ||    70
       Kick              |     7 |    13 |     9 ||    29
       Peck              |     1 |     9 |     8 ||    18
 Cast: Magic Dart        |    76 |    82 |    34 ||   192
       Searing Ray       |       |     2 |     2 ||     4
  Use: Potion            |     4 |     8 |       ||    12
       Scroll            |     2 |     7 |     1 ||    10
Armor: Robe              |     5 |       |       ||     5
       Ring mail         |     1 |    23 |    11 ||    35
Dodge: Dodged            |    10 |    62 |    25 ||    97

Table legend: (Time is in decaauts)
 A = Elapsed time spent in this place.
 B = Non-inter-level travel time spent in this place.
 C = Inter-level travel time spent in this place.
 D = Time resting spent in this place.
 E = Time spent auto-exploring this place.
 F = Levels seen in this place.
 G = Mean time per level.
                   A        B        C        D        E       F      G
               +--------+--------+--------+--------+--------+-----+--------+
         Total |   4452 |   4298 |    154 |    128 |   3666 |   5 |  890.4 |
       Dungeon |   4452 |   4298 |    154 |    128 |   3666 |   5 |  890.4 |
               +--------+--------+--------+--------+--------+-----+--------+

Top non-repeatable levels by time:
     D:1: 1299 daAuts
     D:4: 1132 daAuts
     D:2: 1073 daAuts
     D:3: 835 daAuts
     D:5: 112 daAuts
